Map: Oxide LE

Players

llllllllllll - Winner!

  • Race: Terran Terran
  • League: Master
  • Spawn Location: 7:00

Blazejwa

  • Race: Terran Terran
  • League: Master
  • Spawn Location: 1:00

VOD

Have the link to the VOD?

Description

Time

  • Played on: April 2, 2021, 4:26 a.m.
  • Length: 12:20
Show
View Real Time Build Order
Export as new Build Order

llllllllllll Terran - Winner!

Build Orders:  

Get SALT Encoding   

  12  0:00  SCV  
  13  0:13  SCV  
  14  0:19  Supply Depot  
  14  0:25  SCV  
  15  0:40  SCV  
  16  0:42  Barracks  
  16  0:46  Refinery  
  16  0:52  SCV  
  16  0:55  Refinery  
  17  1:04  SCV  
  18  1:17  SCV  
  19  1:30  Reaper  
  19  1:31  Orbital Command  
  20  1:37  Supply Depot  
  20  1:44  Factory  
  20  1:56  SCV  
  21  2:02  Reaper  
  22  2:08  SCV  
  23  2:20  SCV  
  23  2:21  Command Center  
  26  2:30  Hellion  
  26  2:32  SCV  
  26  2:35  Barracks Reactor  
  27  2:45  Starport, SCV  
  28  2:57  SCV  
  29  2:59  Factory Tech Lab  
  29  3:03  Supply Depot  
  29  3:09  SCV  
  29  3:12  Marine  
  31  3:25  Marine, SCV, Siege Tank  
  36  3:28  Medivac  
  36  3:30  Marine  
  36  3:33  Orbital Command  
  39  3:37  SCV  
  40  3:43  Marine  
  41  3:48  Marine  
  42  3:57  SCV  
  42  3:59  SCV  
  42  4:01  Refinery  
  44  4:09  Marine x2, SCV  
  47  4:10  Cyclone  
  47  4:11  Starport Tech Lab  
  47  4:12  SCV  
  51  4:19  Supply Depot  
  51  4:21  SCV  
  51  4:24  SCV  
  53  4:25  Command Center  
  51  4:33  SCV  
  51  4:36  SCV  
  51  4:45  SCV  
  51  4:48  SCV  
  51  4:51  Raven  
  51  4:52  Marine x2, Siege Tank  
  53  4:57  Refinery, SCV  
  54  5:00  SCV  
  55  5:09  Marine, SCV  
  55  5:10  Marine  
  55  5:12  SCV  
  59  5:18  Supply Depot  
  59  5:22  SCV  
  59  5:24  SCV  
  59  5:27  Marine  
  62  5:30  Supply Depot  
  62  5:36  Marine, Raven, SCV x2, Siege Tank  
  70  5:45  Orbital Command  
  70  5:49  Supply Depot, SCV x2  
  72  5:51  Supply Depot  
  72  6:01  Marine x2, Barracks  
  72  6:04  SCV x2  
  76  6:06  Barracks  
  76  6:09  Siege Tank  
  79  6:16  SCV x2  
  81  6:18  Marine  
  81  6:19  Marine, Raven  
  81  6:21  Orbital Command  
  84  6:28  SCV x2  
  86  6:33  Supply Depot, Engineering Bay x2  
  86  6:36  Supply Depot  
  86  6:39  Marine x2  
  88  6:40  SCV x2  
  88  6:42  Siege Tank  
  93  6:49  Barracks, SCV  
  93  6:52  SCV x2  
  96  6:54  Barracks  
  95  7:01  SCV  
  95  7:04  SCV x2, Terran Infantry Weapons Level 1, Terran Infantry Armor Level 1  
  95  7:07  Barracks Reactor  
  98  7:11  Starport Reactor  
  98  7:13  SCV  
  99  7:17  Missile Turret, Marine x2  
  99  7:19  Siege Tank, Missile Turret  
  103  7:23  Missile Turret x2, SCV  
  103  7:24  SCV  
  103  7:25  SCV  
  106  7:35  SCV  
  106  7:36  SCV  
  102  7:39  SCV  
  102  7:41  Marine x2  
  98  7:46  Refinery  
  98  7:47  Refinery  
  98  7:48  SCV  
  98  7:50  Missile Turret, Marine  
  98  7:51  Marine  
  101  7:52  Missile Turret  
  101  7:53  Barracks Reactor x2  
  101  7:54  Siege Tank, Medivac  
  101  7:55  Medivac  
  101  7:58  Supply Depot  
  106  7:59  Marine x2, Supply Depot  
  108  8:06  SCV x3  
  108  8:08  Marine x2  
  108  8:09  Sensor Tower  
  113  8:17  Marine x2  
  115  8:23  Supply Depot  
  115  8:25  Supply Depot x2  
  115  8:26  Marine x2, Siege Tank  
  120  8:28  Marine, Combat Shield  
  120  8:29  Medivac  
  120  8:30  Command Center  
  120  8:31  Medivac  
  125  8:34  Marine  
  123  8:44  SCV x3  
  123  8:48  Marine x5  
  127  8:49  Marine x2  
  133  9:01  Marine  
  134  9:05  SCV x3  
  134  9:06  Marine x5  
  139  9:12  Marine x2  
  139  9:13  Siege Tank, Medivac  
  139  9:14  Medivac  
  148  9:18  Armory  
  148  9:19  Marine  
  148  9:22  Barracks  
  148  9:23  Marine  
  150  9:31  Marine x4  
  150  9:32  Marine x2  
  150  9:34  Barracks  
  150  9:37  Marine  
  150  9:38  Barracks  
  157  9:40  Factory  
  156  9:47  Stimpack  
  156  9:52  Marine x5  
  147  9:53  Marine x3  
  147  9:54  Siege Tank, Marine, Medivac  
  147  10:16  Marine x6  
  147  10:17  Marine x2, Barracks Reactor  
  147  10:18  Marine  
  147  10:19  Medivac  
  158  10:26  Siege Tank  
  161  10:34  Marine x7  
  161  10:35  Marine  
  164  10:36  Marine, Barracks Reactor  
  164  10:37  Medivac  
  164  10:40  Barracks Reactor  
  164  10:49  Refinery, Medivac  
  166  10:51  Marine  
  166  10:55  Sensor Tower  
  166  10:56  Refinery  
  167  10:57  Missile Turret, Factory Tech Lab  
  167  11:05  Marine x10  
  167  11:06  Siege Tank  
  180  11:17  Missile Turret  
  180  11:19  Missile Turret  
  180  11:31  Marine x6, Medivac x2  
  190  11:38  SCV x2  
  192  11:40  Marine  
  192  11:41  Marine x3  
  192  11:44  Marine x2  
  192  11:45  Marine  
  192  11:46  Siege Tank  
  193  11:49  Marine x6, SCV  
  167  11:58  Marine  
  167  11:59  Marine x3  
  174  12:01  Marine  
  174  12:02  Marine  
Show
View Real Time Build Order
Export as new Build Order

Blazejwa Terran 

Build Orders:  

Get SALT Encoding   

  12  0:00  SCV  
  13  0:12  SCV  
  14  0:17  Supply Depot  
  14  0:24  SCV  
  15  0:38  SCV  
  15  0:39  Barracks  
  16  0:43  Refinery  
  16  0:50  SCV  
  16  0:52  Refinery  
  17  1:03  SCV  
  18  1:15  SCV  
  19  1:26  Reaper  
  19  1:27  Orbital Command  
  19  1:32  Supply Depot  
  20  1:44  Factory  
  20  1:54  SCV  
  21  1:58  Reaper  
  22  2:06  SCV  
  23  2:18  SCV  
  24  2:23  Command Center  
  24  2:29  Hellion  
  26  2:34  Supply Depot  
  26  2:36  SCV  
  27  2:38  Barracks Tech Lab  
  27  2:48  SCV  
  27  2:51  Starport  
  28  3:00  SCV  
  28  3:04  Cyclone  
  32  3:10  Barracks Reactor  
  32  3:12  SCV  
  33  3:24  SCV  
  33  3:26  Refinery  
  34  3:37  Orbital Command  
  34  3:40  SCV  
  35  3:46  Raven  
  35  3:48  Marine x2  
  37  3:53  SCV  
  37  3:54  Factory Tech Lab  
  40  4:05  SCV  
  40  4:09  Marine x2  
  43  4:10  SCV  
  43  4:13  Supply Depot  
  43  4:15  Siege Tank  
  47  4:19  SCV  
  48  4:24  SCV  
  49  4:33  SCV  
  49  4:35  Marine x2  
  49  4:36  Raven  
  52  4:46  SCV  
  50  4:56  SCV  
  50  4:57  Marine  
  50  4:58  Siege Tank  
  50  4:59  SCV  
  56  5:08  SCV  
  56  5:11  SCV  
  58  5:25  Supply Depot  
  58  5:26  Supply Depot, SCV  
  58  5:28  Marine, Stimpack  
  60  5:29  Viking  
  60  5:30  Command Center  
  62  5:46  Viking  
  62  5:47  Siege Tank, SCV x2  
  69  5:54  Marine  
  70  5:59  SCV x2  
  70  6:02  Barracks  
  70  6:04  Barracks  
  72  6:09  Supply Depot  
  72  6:11  SCV x2  
  72  6:14  Viking  
  72  6:16  Viking  
  76  6:23  Marine, SCV  
  77  6:28  Engineering Bay x2  
  77  6:30  Siege Tank, Refinery  
  77  6:32  Supply Depot  
  80  6:36  SCV  
  81  6:42  SCV  
  81  6:43  Orbital Command  
  82  6:55  SCV  
  82  6:57  Supply Depot, Barracks Reactor x2  
  82  6:58  Orbital Command  
  82  7:04  Marine  
  83  7:10  SCV  
  83  7:13  Terran Infantry Weapons Level 1, Terran Infantry Armor Level 1  
  84  7:21  Siege Tank, Viking x2, Marine  
  92  7:26  SCV x2  
  92  7:27  Barracks, SCV  
  92  7:28  Barracks  
  92  7:29  Supply Depot  
  76  7:43  Marine x4  
  76  7:44  Marine, SCV  
  76  7:51  SCV  
  78  7:58  SCV x2  
  79  8:01  Marine x2  
  79  8:03  Combat Shield, SCV  
  79  8:04  Marine, Armory  
  84  8:07  Marine  
  84  8:08  Marine  
  84  8:09  Siege Tank, Viking  
  84  8:10  Factory  
  91  8:12  Viking  
  91  8:14  SCV x2  
  91  8:19  Marine x2  
  97  8:22  Barracks Reactor x2  
  97  8:41  Marine x4  
  89  8:42  Marine, Viking, Siege Tank  
  89  8:43  SCV  
  95  8:54  Refinery  
  95  8:56  Refinery  
  95  8:58  Terran Vehicle Weapons Level 1  
  95  8:59  Marine x5  
  100  9:04  Supply Depot  
  100  9:05  Supply Depot  
  100  9:08  Command Center  
  97  9:10  Refinery  
  97  9:12  Marine  
  97  9:13  Marine x3, Medivac x2  
  97  9:17  Marine  
  105  9:23  Supply Depot  
  106  9:25  Marine x3, Supply Depot  
  106  9:29  Marine  
  113  9:31  Siege Tank x2, Marine  
  113  9:32  Barracks Reactor  
  117  9:41  Sensor Tower  
  103  9:50  SCV x3  
  87  9:59  Marine  
  85  10:00  Marine x7  
  85  10:02  SCV x3  
  96  10:14  Marine x2, SCV, Siege Tank  
  96  10:15  Siege Tank, Viking  
  96  10:16  SCV x2  
  96  10:17  Marine x3  
  96  10:18  Marine  
  96  10:20  Marine  
  96  10:21  Marine x2  
  112  10:22  SCV  
  112  10:27  Marine  
  113  10:29  SCV x2  
  113  10:31  Marine  
  113  10:32  Marine  
  115  10:50  Marine  
  115  10:51  Marine x9  
  115  10:52  Siege Tank, SCV  
  123  11:04  SCV x3  
  123  11:08  Marine x3  
  123  11:09  Marine x2  
  123  11:11  Marine x5, Siege Tank  
  132  11:12  Viking  
  132  11:16  SCV x2  
  142  11:22  SCV  
  143  11:26  Marine x5  
  143  11:28  Marine, SCV  
  147  11:42  Marine x4  
  147  11:44  Marine x4  
  128  11:55  Marine x2  
  128  11:59  Marine  
  128  12:00  Marine x2  
  139  12:02  SCV  
Tags
 
Matchup
TvT
Race
Terran
Spawn Locations
Cross Positions
Add a new tag
Caveats
  • Supply blocks, unpowered buildings, or Contaminate may cause inaccurate times.
  • Supply counts are checked every 10 seconds.